Map: Blueshift LE

Players

Suppy - Winner!

  • Race: Zerg Zerg
  • League: Grandmaster
  • Spawn Location: 1:00

Dolan

  • Race: Terran Terran
  • League: Master
  • Spawn Location: 7:00

Event: Cheeseadelphia 8

VOD

Have the link to the VOD?

Description

Time

  • Played on: Dec. 8, 2018, 2:39 p.m.
  • Length: 19:56

All games in this series

Show
View Real Time Build Order
Export as new Build Order

Suppy Zerg - Winner!

Build Orders: Pool First 

Get SALT Encoding   

  12  0:00  Drone  
  13  0:13  Overlord  
  13  0:16  Drone  
  14  0:31  Drone  
  14  0:32  Drone  
  14  0:35  Drone  
  17  0:46  Drone  
  17  0:47  Extractor  
  17  0:50  Spawning Pool  
  17  0:56  Drone  
  17  1:07  Drone  
  18  1:17  Hatchery  
  17  1:21  Drone  
  18  1:28  Drone  
  19  1:36  Queen  
  21  1:40  Zergling x2  
  22  1:48  Metabolic Boost  
  22  1:52  Overlord  
  22  2:11  Drone  
  22  2:12  Queen  
  22  2:13  Drone  
  26  2:23  Drone  
  26  2:28  Queen  
  29  2:30  Drone  
  29  2:36  Drone  
  31  2:41  Overlord  
  31  2:48  Overlord, Zergling x2  
  31  2:49  Drone x2  
  34  2:53  Drone  
  34  3:11  Drone x3  
  36  3:19  Hatchery  
  35  3:21  Drone  
  35  3:22  Drone x3  
  35  3:23  Drone  
  35  3:25  Queen  
  42  3:31  Drone x2  
  44  3:43  Zergling x4  
  44  3:45  Lair, Drone  
  44  3:46  Drone x2  
  49  3:53  Drone x3  
  52  3:57  Overlord  
  52  3:58  Baneling Nest  
  52  4:00  Extractor  
  52  4:02  Zergling x2  
  51  4:08  Overlord  
  51  4:13  Drone  
  51  4:15  Queen  
  54  4:18  Drone x2  
  54  4:19  Zergling x4  
  58  4:25  Zergling x2  
  58  4:28  Drone  
  58  4:29  Spore Crawler  
  59  4:31  Queen  
  59  4:35  Spore Crawler  
  59  4:38  Zergling x6  
  63  4:39  Drone  
  63  4:40  Drone  
  63  4:45  Drone x3  
  67  4:48  Zergling x2  
  67  4:49  Zergling x2  
  67  4:51  Baneling x2  
  68  5:02  Zergling x2  
  68  5:03  Zergling x6  
  70  5:12  Zergling x2  
  70  5:13  Zergling x10  
  69  5:16  Drone  
  68  5:22  Drone  
  68  5:24  Drone x3  
  69  5:29  Drone x2  
  69  5:30  Drone x2, Centrifical Hooks  
  73  5:35  Evolution Chamber  
  73  5:36  Drone  
  73  5:37  Drone, Evolution Chamber  
  73  5:43  Overlord x3  
  73  5:53  Overseer  
  73  5:55  Spore Crawler  
  72  5:58  Drone  
  72  6:03  Zerg Ground Armor Level 1  
  73  6:06  Drone  
  73  6:07  Drone x2  
  73  6:08  Drone  
  73  6:09  Drone x8  
  73  6:10  Extractor  
  84  6:13  Drone x2  
  84  6:19  Extractor  
  84  6:20  Overlord, Extractor  
  84  6:22  Zerg Melee Weapons Level 1  
  82  6:31  Drone  
  83  6:37  Extractor  
  82  6:41  Drone x5, Hydralisk Den  
  82  6:45  Zergling x14  
  82  6:46  Baneling  
  93  6:47  Baneling  
  93  6:59  Drone  
  94  7:04  Baneling  
  94  7:05  Baneling x5  
  94  7:13  Hatchery  
  92  7:18  Drone x2  
  92  7:20  Grooved Spines  
  92  7:21  Infestation Pit  
  93  7:22  Hydralisk  
  93  7:23  Hydralisk x3  
  93  7:25  Overlord x2  
  93  7:27  Drone  
  93  7:29  Overlord  
  102  7:31  Drone  
  102  7:32  Drone x3  
  102  7:35  Spine Crawler  
  102  7:36  Spine Crawler x2  
  102  7:38  Hydralisk  
  102  7:42  Overlord  
  102  7:43  Overlord  
  104  7:46  Queen  
  104  7:47  Hydralisk x6  
  117  7:56  Hydralisk x3  
  121  7:58  Baneling  
  121  7:59  Baneling x3  
  121  8:01  Zergling x10  
  124  8:15  Hydralisk x5  
  124  8:18  Zergling x10  
  133  8:21  Baneling x4  
  133  8:31  Muscular Augments  
  129  8:35  Baneling  
  129  8:36  Baneling x4  
  129  8:40  Baneling, Extractor  
  129  8:41  Baneling x3  
  124  8:42  Zergling x2, Extractor  
  124  8:43  Zergling x14  
  125  8:48  Zergling x2  
  125  8:49  Queen, Zergling x12  
  131  8:56  Zergling x8  
  131  8:59  Baneling x2  
  133  9:04  Overlord x3  
  133  9:08  Hive  
  124  9:21  Overlord  
  124  9:23  Baneling  
  124  9:24  Baneling x4  
  117  9:25  Zergling x22  
  117  9:29  Zerg Missile Weapons Level 1  
  117  9:31  Zergling x4  
  122  9:33  Baneling x4  
  122  9:35  Queen  
  122  9:38  Zergling x8  
  128  9:49  Zergling x2  
  128  9:50  Zergling x14  
  132  9:54  Zergling x2  
  132  9:55  Zergling x6  
  129  10:02  Hydralisk x4  
  129  10:06  Baneling x7  
  129  10:07  Baneling  
  132  10:12  Zergling x6  
  132  10:13  Zergling x8  
  137  10:16  Zerg Melee Weapons Level 2  
  135  10:24  Hydralisk x4  
  139  10:30  Hydralisk x3  
  140  10:40  Zergling x16  
  146  10:44  Baneling  
  146  10:45  Baneling x6  
  139  10:50  Hydralisk x4  
  139  11:00  Hydralisk  
  139  11:01  Hydralisk x3  
  147  11:10  Viper x2  
  153  11:13  Baneling x2  
  153  11:17  Drone x3  
  153  11:18  Drone  
  154  11:19  Drone x2  
  154  11:21  Spine Crawler  
  146  11:26  Hydralisk x3  
  146  11:27  Hydralisk x2  
  146  11:31  Zergling x6  
  152  11:40  Viper  
  142  11:47  Hydralisk  
  142  11:48  Zergling x6  
  142  11:49  Zergling x14  
  154  11:57  Baneling x7  
  154  11:58  Overlord x2  
  154  12:02  Queen  
  154  12:05  Spine Crawler  
  154  12:08  Overseer  
  155  12:15  Baneling x4  
  155  12:16  Hydralisk x4  
  160  12:35  Hydralisk  
  160  12:36  Hydralisk x7  
  167  12:46  Zergling x2  
  167  12:47  Zergling x6  
  170  12:56  Hatchery, Extractor  
  170  12:57  Viper x2  
  174  12:59  Zergling x2  
  174  13:01  Zerg Missile Weapons Level 2  
  175  13:06  Baneling x8  
  175  13:12  Overlord  
  175  13:13  Overlord x2  
  163  13:31  Spire  
  163  13:33  Hydralisk  
  163  13:34  Hydralisk x6, Zergling x2  
  159  13:35  Zergling x4  
  174  13:45  Zergling x14  
  174  13:46  Zergling x2  
  182  13:48  Baneling  
  182  13:49  Baneling  
  182  13:58  Hydralisk x2, Baneling x6  
  182  13:59  Zergling x2  
  187  14:09  Viper x2  
  156  14:19  Zergling x18  
  156  14:20  Zergling x2  
  163  14:26  Baneling x5  
  154  14:35  Hydralisk x3  
  154  14:36  Zergling x6  
  144  14:44  Hydralisk  
  144  14:45  Hydralisk x2  
  146  14:50  Baneling x5  
  142  14:53  Hydralisk x2  
  146  15:10  Hydralisk x2  
  150  15:17  Hatchery  
  133  15:22  Hydralisk x4  
  132  15:31  Zergling x10  
  134  15:43  Zergling x4  
  134  15:44  Corruptor x2  
  134  15:46  Corruptor  
  142  15:58  Corruptor x3  
  142  16:03  Baneling  
  142  16:04  Baneling x8  
  148  16:16  Greater Spire  
  147  16:24  Zergling x2  
  148  16:28  Viper x2  
  148  16:30  Zergling x2  
  148  16:31  Zergling x22  
  165  16:52  Baneling x6  
  141  17:04  Hydralisk x9  
  141  17:08  Hydralisk, Zergling x2  
  142  17:09  Zergling x14  
  144  17:30  Brood Lord x5  
  133  17:45  Hydralisk x6  
  133  17:46  Zergling x8  
  149  17:56  Brood Lord  
  151  17:59  Extractor x2  
  151  18:01  Zergling x2  
  151  18:02  Zergling x16  
  152  18:17  Hydralisk x5  
  148  18:22  Hydralisk x2  
  144  18:33  Corruptor  
  141  18:37  Drone x4  
  141  18:40  Spine Crawler  
  144  18:44  Corruptor x2  
  148  18:54  Zergling x16  
  148  18:55  Zergling x2  
  157  18:57  Hydralisk x2  
  157  18:58  Hydralisk  
  163  19:03  Extractor  
  162  19:13  Corruptor x3  
  168  19:21  Extractor  
  167  19:28  Unknown  
Show
View Real Time Build Order
Export as new Build Order

Dolan Terran 

Build Orders: Gas First Reaper Expand, Liberator Opening 

Get SALT Encoding   

  12  0:00  SCV  
  13  0:12  SCV  
  14  0:16  Supply Depot  
  14  0:24  SCV  
  14  0:27  Refinery  
  15  0:38  SCV  
  16  0:43  Barracks  
  16  0:50  SCV  
  17  1:02  SCV  
  18  1:14  SCV  
  19  1:30  Orbital Command  
  19  1:31  Reaper  
  20  1:43  Command Center  
  20  1:56  SCV  
  20  1:58  Factory  
  21  2:04  Barracks Reactor  
  21  2:09  SCV  
  21  2:12  Supply Depot  
  22  2:17  Refinery  
  22  2:21  SCV  
  23  2:35  SCV  
  24  2:45  Starport  
  24  2:50  SCV  
  24  2:51  Marine, Hellion  
  26  2:52  Hellion  
  30  2:58  Orbital Command  
  30  3:02  SCV  
  31  3:10  Barracks Tech Lab  
  30  3:14  SCV  
  30  3:15  Liberator  
  30  3:19  Hellion x2  
  35  3:26  SCV x2  
  40  3:39  Supply Depot  
  40  3:45  Hellion x2  
  44  3:49  SCV x2  
  44  3:51  Barracks Tech Lab  
  46  3:57  Armory  
  46  4:03  Supply Depot  
  47  4:10  Hellion x2  
  47  4:13  SCV x2  
  52  4:24  Banshee  
  52  4:26  Supply Depot  
  52  4:30  Supply Depot, SCV x2  
  57  4:45  Command Center  
  57  4:50  Refinery x2  
  57  4:51  SCV x2  
  59  5:05  SCV  
  59  5:06  SCV  
  49  5:18  SCV x2  
  49  5:23  Factory, Hellion x2  
  49  5:25  Factory  
  47  5:30  SCV x2  
  49  5:36  Starport Reactor  
  49  5:39  Factory  
  49  5:40  Factory  
  49  5:42  SCV x2  
  51  5:44  Terran Vehicle Weapons Level 1  
  51  5:47  Supply Depot  
  51  5:50  Hellion x2  
  51  5:54  SCV x2  
  57  5:58  Orbital Command  
  57  6:11  Hellion x2  
  57  6:15  Cyclone x2  
  57  6:17  Mag-Field Accelerator  
  67  6:25  Factory Tech Lab  
  67  6:27  SCV x2  
  67  6:28  Orbital Command  
  67  6:32  Infernal Pre-Igniter  
  69  6:39  SCV x2  
  71  6:43  Hellion x3  
  71  6:44  Cyclone, Hellion  
  82  6:51  SCV x2  
  82  6:53  Cyclone  
  87  6:54  SCV  
  87  7:00  Cyclone  
  91  7:03  SCV  
  91  7:04  SCV  
  91  7:05  Supply Depot  
  91  7:06  Supply Depot  
  91  7:07  SCV  
  96  7:08  Hellion  
  96  7:15  Hellion, SCV  
  98  7:16  SCV  
  98  7:20  Supply Depot  
  98  7:21  Cyclone  
  103  7:29  Supply Depot  
  103  7:30  SCV x3  
  103  7:31  Cyclone, Supply Depot  
  103  7:32  Hellion  
  103  7:33  Supply Depot  
  103  7:36  Hellion  
  113  7:38  Hellion  
  113  7:40  Cyclone  
  118  7:54  Cyclone  
  118  7:55  Hellion x2  
  118  7:58  Hellion  
  127  7:59  Hellion  
  127  8:03  Cyclone  
  132  8:12  Cyclone  
  135  8:16  Hellion x2  
  135  8:19  Hellion  
  139  8:21  Refinery x2, Command Center  
  139  8:26  Cyclone  
  138  8:35  Cyclone  
  138  8:37  Hellion x2  
  140  8:44  Cyclone  
  141  8:50  Hellion x2  
  139  8:58  Hellion  
  139  8:59  Cyclone, Hellion  
  142  9:08  Cyclone  
  145  9:12  Hellion x2  
  145  9:16  Cyclone  
  124  9:20  Hellion x2  
  128  9:31  Cyclone  
  128  9:33  Hellion x2  
  128  9:37  Factory, SCV x3  
  130  9:40  Cyclone, Factory  
  130  9:41  Hellion  
  130  9:43  Factory  
  135  9:48  Cyclone, Hellion  
  135  9:49  SCV x2  
  135  9:50  SCV  
  134  9:54  Hellion  
  134  9:57  Hellion  
  131  10:03  Cyclone  
  130  10:08  Hellion  
  130  10:09  Hellion  
  130  10:12  Cyclone  
  137  10:16  Hellion  
  137  10:18  Hellion  
  137  10:20  Cyclone  
  133  10:29  Hellion  
  133  10:31  Factory Tech Lab, Hellion  
  133  10:35  Cyclone, Hellion x2  
  144  10:36  Terran Vehicle Weapons Level 2  
  144  10:41  Orbital Command  
  144  10:44  Cyclone, SCV x3  
  146  10:52  Cyclone  
  146  10:55  Cyclone  
  146  10:56  Hellion x2, SCV  
  148  11:01  SCV x2  
  149  11:07  Cyclone  
  149  11:08  SCV  
  146  11:13  SCV x2  
  146  11:16  Cyclone  
  147  11:21  SCV x2  
  147  11:24  Cyclone  
  147  11:25  SCV x2  
  143  11:31  Hellion  
  148  11:33  SCV  
  137  11:41  Hellion  
  137  11:42  Hellion  
  139  11:48  Cyclone  
  139  11:52  SCV x3  
  139  11:54  Siege Tank x2  
  145  11:55  Starport Reactor  
  145  11:56  Hellion, Siege Tank  
  145  11:57  Hellion x2  
  154  12:04  Hellion x2  
  158  12:11  Refinery  
  158  12:13  Refinery  
  158  12:14  Supply Depot  
  158  12:16  Supply Depot x2  
  158  12:17  Factory Tech Lab, Supply Depot  
  158  12:20  Siege Tank  
  153  12:33  Siege Tank x2  
  153  12:34  Hellion x3  
  153  12:35  Hellion x2  
  145  12:40  SCV x4  
  144  12:52  SCV x4  
  144  12:55  Siege Tank x2  
  154  13:04  SCV x4  
  161  13:05  Siege Tank  
  161  13:07  Siege Tank  
  161  13:08  Hellion x2  
  149  13:28  Siege Tank x2  
  149  13:29  Hellion x4  
  149  13:31  SCV  
  149  13:32  SCV x2  
  160  13:37  Siege Tank  
  160  13:38  Hellion x2  
  160  13:40  Hellion  
  169  13:53  Hellion x3, Siege Tank  
  178  13:57  Terran Vehicle And Ship Armor Level 1  
  178  14:00  Siege Tank  
  147  14:11  Siege Tank x2  
  147  14:12  Hellion x3  
  143  14:17  Hellion x2  
  143  14:18  Hellion  
  146  14:25  Siege Tank  
  137  14:32  Hellion  
  137  14:33  Hellion  
  122  14:40  Hellion x4  
  122  14:43  Siege Tank  
  136  14:51  Siege Tank  
  135  14:54  Hellion, Siege Tank  
  135  14:55  Thor  
  140  15:05  Orbital Command  
  140  15:08  Engineering Bay  
  128  15:23  Thor x2  
  128  15:24  Hellion x4  
  128  15:26  Hellion  
  128  15:27  Siege Tank  
  143  15:39  Thor  
  143  15:42  Siege Tank  
  152  15:46  Hellion x3  
  152  15:47  Hellion  
  160  15:56  Sensor Tower, SCV  
  160  15:57  SCV x3  
  163  15:58  Refinery  
  163  16:04  Hellion, Siege Tank  
  167  16:06  Hellion x2  
  167  16:08  Hellion  
  167  16:09  SCV  
  176  16:14  Siege Tank  
  179  16:20  Hellion x3  
  179  16:23  Siege Tank  
  188  16:27  Siege Tank x2  
  188  16:30  Hellion  
  196  16:36  Siege Tank  
  185  16:54  Siege Tank  
  185  16:55  Thor  
  156  17:04  Siege Tank x2  
  156  17:05  Hellion x3  
  156  17:07  Hellion x2  
  168  17:08  Hellion  
  168  17:20  Command Center  
  168  17:26  Hellion x2, Siege Tank  
  168  17:27  Hellion  
  168  17:28  Hellion x2  
  168  17:29  Siege Tank  
  184  17:36  Siege Tank  
  184  17:37  Hellion  
  189  17:38  Hellion  
  172  17:48  Hellion x3  
  176  17:58  Siege Tank x2  
  177  18:02  Starport  
  177  18:04  Starport  
  177  18:05  Starport  
  173  18:09  Viking x2  
  169  18:13  Thor  
  127  18:36  Thor  
  127  18:37  Hellion  
  127  18:38  Hellion x4  
  127  18:39  Viking  
  127  18:40  Viking  
  150  18:43  Viking x2  
  150  18:44  Viking  
  150  18:45  Hellion  
  152  18:49  Refinery  
  144  19:09  Viking  
  146  19:10  Viking  
  146  19:13  Viking x2, Hellion  
  146  19:14  Viking  
Tags
 
Add a new tag
Caveats
  • Supply blocks, unpowered buildings, or Contaminate may cause inaccurate times.
  • Supply counts are checked every 10 seconds.